 Dungeon Crawl Stone Soup version 0.30-a0-989-g0d87f670db (webtiles) character file.

Game seed: 9982366187187947910

28058 porpoise the Destroyer (level 13, -9/78 HPs)
             Began as a Gargoyle Fire Elementalist on Apr 4, 2023.
             Was a Priest of Vehumet.
             Mangled by a death yak (15 damage)
             ... on level 2 of the Lair of Beasts.
             The game lasted 01:06:24 (13985 turns).

porpoise the Destroyer (GrFE)                      Turns: 13985, Time: 01:06:25

Health: -9/78      AC: 15    Str: 13    XL:     13   Next: 36%
Magic:  37/41      EV: 13    Int: 25    God:    Vehumet [***...]
Gold:   559        SH: 10    Dex: 13    Spells: 1/25 levels left

rFire   + . .      SeeInvis .    a - +4 demon whip (venom)
rCold   . . .      Faith    .    O - +0 buckler
rNeg    + . .      Spirit   .    P - +1 steam dragon scales
rPois   ∞          Reflect  +    o - +0 helmet
rElec   +          Rampage  .    x - +0 cloak
rCorr   .                        (no gloves)
Will    .....                    T - -2 pair of boots of the Farmer {MP+9 Str+2 Int+3 Dex+3}
Stlth   +++                      r - amulet of reflection
HPRegen 0.33/turn                s - ring of Ovaof {MP+9 Slay+2}
MPRegen 0.27/turn                l - ring of protection from fire

@: about to teleport
A: sickness immunity, AC +9, negative energy resistance 1, electricity
resistance, torment resistance 1, petrification resistance, deformed body
a: Renounce Religion


You were on level 2 of the Lair of Beasts.
You worshipped Vehumet.
Vehumet was most pleased with you.
You visited 3 branches of the dungeon, and saw 13 of its levels.

You collected 559 gold pieces.

Inventory:

Hand Weapons
 a - a +4 demon whip of venom (weapon)
 k - a +2 scimitar of flaming
Armour
 o - a +0 helmet (worn)
 x - a +0 cloak (worn)
 O - a +0 buckler (worn)
 P - +1 steam dragon scales (worn)
 T - the -2 pair of boots of the Farmer (worn) {MP+9 Str+2 Int+3 Dex+3}
   (You found it on level 8 of the Dungeon)

   Str:       It affects your strength (+2).
   Int:       It affects your intelligence (+3).
   Dex:       It affects your dexterity (+3).
   MP:        It affects your magic capacity (+9).
Jewellery
 e - a ring of see invisible
 l - a ring of protection from fire (right hand)
 r - an amulet of reflection (around neck)
 s - the ring of Ovaof (left hand) {MP+9 Slay+2}
   (You found it on level 3 of the Dungeon)

   [ring of magical power]

   Slay:      It affects your accuracy & damage with ranged weapons and melee
   (+2).
   MP:        It affects your magic capacity (+9).
Wands
 g - a wand of paralysis (3)
 p - a wand of roots (18)
 E - a wand of light (9)
 F - a wand of polymorph (16)
 L - a wand of flame (8)
Scrolls
 h - 2 scrolls of blinking
 m - a scroll of poison
 q - 2 scrolls of magic mapping
 z - 2 scrolls of fear
 G - a scroll of butterflies
 X - a scroll of fog
Potions
 b - 4 potions of magic
 d - 3 potions of lignification
 f - 9 potions of curing
 i - 2 potions of invisibility
 j - 5 potions of brilliance
 u - 8 potions of heal wounds
 v - a potion of might
 w - 5 potions of attraction
 A - 3 potions of flight
 Q - a potion of ambrosia {unknown}
 R - a potion of mutation {unknown}
 V - a potion of berserk rage {unknown}
 W - 3 potions of haste {unknown}


   Skills:
 - Level 7.9 Fighting
 + Level 8.0 Maces & Flails
 - Level 5.2 Armour
 - Level 5.0 Dodging
 - Level 5.0 Stealth
 - Level 5.0 Shields
 + Level 6.7 Spellcasting
 - Level 9.0 Conjurations
 - Level 3.0 Translocations
 - Level 5.2 Transmutations
 - Level 7.0 Fire Magic
 - Level 3.0 Air Magic
 + Level 4.7 Earth Magic
 - Level 5.0 Evocations


You had one spell level left.
You knew the following spells:

 Your Spells              Type           Power      Damage    Failure   Level
a - Foxfire               Conj/Fire      100%       2x1d6     1%          1
b - Scorch                Fire           86%        2d9       1%          2
c - Kindle Blastsparks    Fire/Tloc/Air  60%        2d15      1%          3
d - Lee's Rapid Deconstr  Erth           16%        3d10*     10%         5
r - Irradiate             Conj/Tmut      22%        3d19      3%          5
s - Sticky Flame          Conj/Fire      48%        2d7       1%          4
w - Flame Wave            Conj/Fire      48%        2d12      1%          4

Your spell library contained the following spells:

 Spells                   Type           Power      Damage    Failure   Level
 Inner Flame              Hex/Fire       25%        N/A       1%          3
 Iskenderun's Mystic Bla  Conj/Tloc      38%        2d9       2%          4
 Fulminant Prism          Conj/Hex       15%        3d11      4%          4
 Airstrike                Air            11%        2d(2-18)  7%          4
 Plasma Beam              Fire/Air       16%        2x1d20    9%          5
 Petrify                  Tmut/Erth      33%        N/A       11%         4
 Portal Projectile        Hex/Tloc       30%        N/A       14%         3
 Iron Shot                Conj/Erth      21%        9d5       21%         6
 Tukima's Dance           Hex            8%         N/A       26%         3
 Blade Hands              Tmut           17%        N/A       28%         5
 Animate Armour           Summ/Erth      40%        N/A       32%         4
 Summon Lightning Spire   Summ/Air       16%        N/A       43%         4
 Cause Fear               Hex            4%         N/A       65%         4
 Discord                  Hex            4%         N/A       100%        8
 Sublimation of Blood     Necr           Unusable   N/A       N/A         2

Dungeon Overview and Level Annotations

Branches:
Dungeon (10/15)            Temple (1/1) D:5            Lair (2/5) D:10
  Swamp (0/4) Lair:2          Orc (0/2) D:10
  Snake: Lair:2-3    Spider: Lair:2-3

Altars:
Cheibriados
Dithmenos
Elyvilon
Fedhas
Gozag
Hepliaklqana
Makhleb
Nemelex Xobeh
Okawaru
Qazlal
Ru
Sif Muna
Uskayaw
Vehumet
Wu Jian
Yredelemnul
The Shining One

Shops:
D:4 =

Annotations:
D:4 exclusion: downstairs


Innate Abilities, Weirdness & Mutations

You are immune to sickness and miasma.
Your stone body is resilient. (AC +9)
You are immune to poison.
You resist negative energy. (rN+)
You are resistant to electric shocks. (rElec)
You are resistant to unholy torment.
You are immune to petrification.
Armour fits poorly on your strangely shaped body.


Message History

The death yak is heavily wounded.
The flame wave engulfs the death yak!
The death yak is severely wounded.
The flame wave engulfs the yak!
The yak is severely wounded. (Press . to intensify the flame waves.)
The death yak gores you! x2
* * * LOW HITPOINT WARNING * * *
The yak barely misses you. You block the death yak's attack.
The death yak gores you!
* * * LOW HITPOINT WARNING * * *
The yak gores you but does no damage.
A wave of flame ripples out!
The flame wave engulfs the death yak.
The death yak is lightly wounded.
The flame wave engulfs the yak!
The yak is severely wounded.
The flame wave engulfs the death yak!
The death yak is heavily wounded.
The flame wave engulfs the death yak!
The death yak is severely wounded.
The flame wave engulfs the death yak!!
The death yak is almost dead.
The flame wave engulfs the yak!
You kill the yak!
Vehumet accepts your kill.
You feel your power returning.
The flame wave engulfs the yak!
You kill the yak!
Vehumet accepts your kill.
The flame wave engulfs the death yak!
The death yak is lightly wounded.
The flame wave engulfs the yak!
The yak is moderately wounded.
The flame wave engulfs the yak!
You kill the yak!
Vehumet accepts your kill.
You feel your power returning.
The flame wave engulfs the yak but does no damage.
You block the yak's attack. You block the death yak's attack.
The death yak misses you. The death yak gores you!
You die...

...... #......#♣...♣#
#....## #.#..#......#.
...>... #....#........
.......## #....#........
...$....###.#.#.........
(.......(.#<............
......Y†..#....##.###...
......YY†...............
....YYY@Y...P...........
......Y†....#...........
......Y............##...
........................
.....(..................
........................
##..##..................
......#................
........###..#......P..


You could see 5 death yaks and 4 yaks.

Vanquished Creatures
  Erica (Lair:2)
  2 two-headed ogres
  Amaemon (D:10)
  Pikel (D:8)
  5 elephants
  An orange demon (D:10)
  Maggie (D:6)
  3 komodo dragons (Lair:1)
  3 rime drakes
  2 burning bushes (Lair:2)
  Grinder (D:4)
  5 blink frogs (Lair:1)
  Sigmund (D:5)
  A wraith (D:9)
  A shadow (D:10)
  22 yaks
  3 wyverns
  2 steam dragons
  6 vampire mosquitoes
  4 wargs (D:10)
  6 water moccasins
  9 ice beasts
  3 orc warriors
  3 black bears
  A sky beast (D:8)
  A centaur (D:10)
  3 ogres (D:5)
  2 lemures (D:8)
  13 wolves
  A kobold brigand (D:9)
  6 bullfrogs
  A gnoll sergeant (D:7)
  A scorpion (D:6)
  2 howler monkeys
  3 hounds
  Crazy Yiuf (D:4)
  3 orc priests
  2 jellies
  A sleepcap (D:6)
  4 iguanas (D:5)
  5 orc wizards
  14 adders
  3 gnolls (D:7)
  2 white imps
  An ufetubus (D:6)
  A worm (D:3)
  A dart slug (D:4)
  18 orcs
  6 bats
  5 endoplasms
  6 giant cockroaches
  6 goblins
  5 hobgoblins
  4 jackals (D:1)
  11 kobolds
  A quokka (D:1)
  9 ball pythons
  3 frilled lizards
  3 rats (D:1)
236 creatures vanquished.

Vanquished Creatures (others)
  298 foxfires
  11 fungi
  15 plants
324 creatures vanquished.

Grand Total: 560 creatures vanquished

Notes
Turn   | Place    | Note
-------+----------+-------------------------------------------
     0 | D:1      | porpoise the Gargoyle Fire Elementalist began the quest for
                  | the Orb.
     0 | D:1      | Reached XP level 1. HP: 10/10 MP: 3/3
   188 | D:1      | Reached XP level 2. HP: 15/15 MP: 3/5
   250 | D:1      | Learned a level 2 spell: Scorch
   444 | D:1      | Reached skill level 2 in Conjurations
   553 | D:1      | Reached XP level 3. HP: 10/19 MP: 6/6
   709 | D:1      | Learned a level 3 spell: Kindle Blastsparks
   864 | D:2      | Reached XP level 4. HP: 24/24 MP: 4/7
   956 | D:2      | Found a glowing golden altar of the Shining One.
  1208 | D:2      | Found a faded altar of an unknown god.
  1872 | D:3      | Reached XP level 5. HP: 28/28 MP: 4/8
  2011 | D:3      | Identified the ring of Ovaof {MP+9 Slay+2}
  2603 | D:4      | Noticed Grinder
  2614 | D:4      | Killed Grinder
  2615 | D:4      | Reached skill level 4 in Conjurations
  2615 | D:4      | Reached skill level 5 in Fire Magic
  2615 | D:4      | Reached XP level 6. HP: 27/32 MP: 11/11
  2777 | D:4      | Noticed a black bear
  2790 | D:4      | Killed a black bear
  2791 | D:4      | Reached XP level 7. HP: 18/36 MP: 8/12
  2919 | D:4      | Found a runed translucent door.
  2924 | D:4      | Noticed Crazy Yiuf
  2931 | D:4      | Killed Crazy Yiuf
  3587 | D:4      | Found Dupryron's Jewellery Boutique.
  3806 | D:5      | Entered Level 5 of the Dungeon
  3806 | D:5      | Noticed Sigmund
  3826 | D:5      | Reached skill level 5 in Conjurations
  3856 | D:5      | Learned a level 4 spell: Flame Wave
  4145 | D:5      | Found a staircase to the Ecumenical Temple.
  4154 | Temple   | Entered the Ecumenical Temple
  4165 | Temple   | Became a worshipper of Vehumet
  4222 | D:5      | Reached skill level 5 in Stealth
  4222 | D:5      | Reached XP level 8. HP: 41/41 MP: 14/14
  4278 | D:5      | Identified the +0 pair of boots of True Grit {Regen+}
  4339 | D:5      | Reached skill level 1 in Fighting
  4454 | D:5      | Reached skill level 6 in Conjurations
  4578 | D:5      | Killed Sigmund
  4579 | D:5      | Reached skill level 5 in Spellcasting
  4670 | D:5      | Reached skill level 1 in Translocations
  5274 | D:6      | Reached skill level 7 in Conjurations
  5384 | D:6      | Reached XP level 9. HP: 52/52 MP: 14/16
  5508 | D:6      | Noticed Maggie
  5519 | D:6      | Killed Maggie
  5520 | D:6      | Reached skill level 5 in Fighting
  5625 | D:6      | Reached * piety under Vehumet
  5625 | D:6      | Offered knowledge of Magic Dart by Vehumet.
  5779 | D:6      | Found a stormy altar of Qazlal.
  5962 | D:6      | Reached skill level 1 in Air Magic
  6744 | D:7      | Reached skill level 1 in Shields
  7358 | D:8      | Noticed Pikel
  7397 | D:8      | Killed Pikel
  7398 | D:8      | Reached XP level 10. HP: 59/59 MP: 3/17
  7670 | D:8      | Found an opulent altar of Gozag.
  7707 | D:8      | Identified the -2 pair of boots of the Farmer {MP+9 Str+2
                  | Int+3 Dex+3}
  7890 | D:8      | Reached skill level 5 in Shields
  7952 | D:8      | Reached skill level 1 in Maces & Flails
  7952 | D:8      | Reached skill level 1 in Evocations
  8216 | D:8      | Found a white marble altar of Elyvilon.
  8325 | D:8      | Identified the +5 mace "Kypliah" {flame, Contam Str+5
                  | Dex+5}
  8340 | D:8      | Gained mutation: Armour fits poorly on your strangely
                  | shaped body. [mutagenic glow]
  8893 | D:9      | Found a hazy altar of Hepliaklqana.
  8946 | D:9      | Noticed a two-headed ogre
  8959 | D:9      | Reached ** piety under Vehumet
  8959 | D:9      | Offered knowledge of Poisonous Vapours by Vehumet.
  8959 | D:9      | Killed a two-headed ogre
  9411 | D:9      | Found an iron altar of Okawaru.
  9559 | D:9      | Found a hide-covered altar of Uskayaw.
  9565 | D:9      | Found an ornate altar of the Wu Jian Council.
  9572 | D:9      | Found a blossoming altar of Fedhas.
  9956 | D:10     | Entered Level 10 of the Dungeon
  9956 | D:10     | Noticed Amaemon
  9956 | D:10     | Noticed an orange demon
  9967 | D:10     | Killed an orange demon
  9973 | D:10     | Killed Amaemon
  9974 | D:10     | Reached skill level 8 in Conjurations
  9974 | D:10     | Reached XP level 11. HP: 27/67 MP: 13/18
 10112 | D:10     | Learned a level 5 spell: Irradiate
 10226 | D:10     | Reached skill level 5 in Evocations
 10253 | D:10     | Reached skill level 9 in Conjurations
 10400 | D:10     | Found a staircase to the Lair.
 10556 | D:10     | Reached skill level 5 in Dodging
 10559 | D:10     | Reached skill level 1 in Transmutations
 10567 | D:10     | Offered knowledge of Momentum Strike by Vehumet.
 10804 | D:10     | Found a staircase to the Orcish Mines.
 10990 | D:10     | Noticed a two-headed ogre
 11000 | D:10     | Killed a two-headed ogre
 11259 | Lair:1   | Entered Level 1 of the Lair of Beasts
 11679 | Lair:1   | Reached *** piety under Vehumet
 11680 | Lair:1   | Reached skill level 5 in Maces & Flails
 11700 | Lair:1   | Reached XP level 12. HP: 33/72 MP: 19/19
 11979 | Lair:1   | Reached skill level 5 in Armour
 11979 | Lair:1   | Reached skill level 5 in Transmutations
 11979 | Lair:1   | Reached XP level 13. HP: 78/78 MP: 21/21
 12038 | Lair:1   | Learned a level 5 spell: Lee's Rapid Deconstruction
 12059 | Lair:1   | Reached skill level 1 in Earth Magic
 13318 | Lair:1   | Offered knowledge of Sticky Flame by Vehumet.
 13324 | Lair:1   | Learned a level 4 spell: Sticky Flame
 13656 | Lair:2   | Found a staircase to the Swamp.
 13725 | Lair:2   | Noticed Erica
 13744 | Lair:2   | Killed Erica
 13985 | Lair:2   | Mangled by a death yak

Illustrated notes

Levels and vault maps discovered:
D:1:      lemuel_arrival_broad_hall, layout_basic
D:2:      layout_loops_ring, shapermc_ecumenical_altar_mp_ritualfount,
          basic_altar, hex_medium
D:3:      layout_loops_ring, st_stairs_1, guppyfry_early_orc_mine
D:4:      layout_loops_corners, serial_forest, infiniplex_forest_straight_2,
          infiniplex_forest_lined_3_way, infiniplex_forest_clump_diagonal,
          infiniplex_forest_corner_1, infiniplex_forest_lined_2,
          minmay_shop_enchanted_jewellery, uniq_grinder, uniq_crazy_yiuf_cottage
D:5:      layout_layer_cave, minmay_temple_entry_waves, uniq_sigmund
D:6:      layout_basic, lemuel_round_altar, serial_bayou_pond_d,
          grunt_ministairs_3, hangedman_decor_points, uniq_maggie
D:7:      layout_basic
D:8:      layout_basic, elyvilon_altar_3, mainiacjoe_overflow_small_starburst,
          uniq_pikel
D:9:      layout_irregular_city, nicolae_hepliaklqana_hippocampus,
          grunt_temple_overflow_cloverleaf
D:10:     layout_roguey, hellmonk_lair_entry_icy, minmay_orc_entry_guard_dogs,
          uniq_amaemon
Temple:   nicolae_temple_ecumenical_triangle
Lair:1:   layout_hall_layers
Lair:2:   layout_chaotic_city, minmay_swamp_entry_swarm, st_stairs_12,
          evilmike_ambush [evilmike_ambush_outer_corners,
          evilmike_ambush_inner_wall_1], lemuel_fruit_tree, uniq_erica

Skill      XL: |  1  2  3  4  5  6  7  8  9 10 11 12 13 |
---------------+----------------------------------------+-----
Conjurations   | 2 4 5 7 8 9 |  9.0
Stealth        | 3 5 |  5.0
Fire Magic     | 4 5 6 7 |  7.0
Spellcasting   | 3 4 5 6 |  6.7
Fighting       | 4 5 7 |  7.9
Translocations | 2 3 |  3.0
Dodging        | 2 3 5 |  5.0
Air Magic      | 3 |  3.0
Shields        | 3 5 |  5.0
Maces & Flails | 2 5 6 8 |  8.0
Evocations     | 4 5 |  5.0
Transmutations | 4 5 |  5.2
Armour         | 5 |  5.2
Earth Magic    | 4 |  4.7

Action                     |  1- 3 |  4- 6 |  7- 9 | 10-12 | 13-15 || total
---------------------------+-------+-------+-------+-------+-------++-------
  Melee: Unarmed           |     5 |       |       |       |       ||     5
         Whip              |    28 |    20 |    26 |    23 |       ||    97
         Punch             |     1 |       |       |       |       ||     1
         Demon whip        |       |       |       |    38 |    87 ||   125
  Throw: Dart              |       |       |     3 |     2 |       ||     5
   Cast: Foxfire           |    35 |    53 |    72 |     2 |    11 ||   173
         Scorch            |     2 |     8 |    47 |    48 |    14 ||   119
         Kindle Blastspark |       |     1 |    13 |    11 |     3 ||    28
         Flame Wave        |       |       |     8 |    26 |     7 ||    41
         Irradiate         |       |       |       |       |     3 ||     3
         Sticky Flame      |       |       |       |       |     1 ||     1
    Use: Scroll            |       |     4 |     7 |    14 |     2 ||    27
         Potion            |       |       |     1 |     1 |       ||     2
   Stab: Sleeping          |       |       |       |     1 |     3 ||     4
 Armour: Robe              |    33 |     9 |    18 |       |       ||    60
         Steam dragon scal |       |       |    12 |    65 |    44 ||   121
         Skin              |       |       |    11 |    16 |       ||    27
  Dodge: Dodged            |    30 |    14 |    40 |    86 |    52 ||   222
  Block: Other             |       |     4 |    12 |       |       ||    16
         Buckler           |       |       |    20 |   107 |    45 ||   172
         Reflection        |       |       |     1 |       |       ||     1

Table legend: (Time is in decaauts)
 A = Elapsed time spent in this place.
 B = Non-inter-level travel time spent in this place.
 C = Inter-level travel time spent in this place.
 D = Time resting spent in this place.
 E = Time spent auto-exploring this place.
 F = Levels seen in this place.
 G = Mean time per level.
                   A        B        C        D        E       F      G
               +--------+--------+--------+--------+--------+-----+--------+
         Total |  13972 |  13606 |    366 |   4415 |   6985 |  13 | 1074.8 |
       Dungeon |  11238 |  10946 |    292 |   3266 |   6021 |  10 | 1123.8 |
        Temple |     20 |     11 |      9 |      0 |      3 |   1 |   20.0 |
          Lair |   2712 |   2647 |     65 |   1149 |    960 |   2 | 1356.0 |
               +--------+--------+--------+--------+--------+-----+--------+

Top non-repeatable levels by time:
  Lair:1: 1950 daAuts
     D:8: 1590 daAuts
     D:4: 1421 daAuts
     D:5: 1411 daAuts
    D:10: 1303 daAuts
     D:9: 1246 daAuts
     D:7: 946 daAuts
     D:6: 900 daAuts
     D:2: 855 daAuts
     D:3: 788 daAuts
     D:1: 774 daAuts
  Lair:2: 762 daAuts
  Temple: 20 daAuts
